 Dungeon Crawl Stone Soup version 0.24.0-2-g5b39cebb1c (webtiles) character file.

Game seed: 3043934258386991547, levelgen mode: deterministic

200 IceCat the Ruffian (level 5, -5/42 HPs)
             Began as a Draconian Transmuter on Oct 31, 2019.
             Killed by nerve-wracking pain
             ... invoked by Grinder
              (14 damage)
             ... on level 3 of the Dungeon.
             The game lasted 00:06:07 (2514 turns).

IceCat the Ruffian (Draconian Transmuter)           Turns: 2514, Time: 00:06:07

Health: -5/42      AC:  5    Str: 14    XL:     5   Next: 48%
Magic:  8/8        EV: 12    Int: 13    God:
Gold:   140        SH:  0    Dex: 11    Spells: 8/9 levels left

rFire    . . .     SeeInvis .     - Unarmed
rCold    . . .     Gourm    .   (no shield)
rNeg     . . .     Faith    .   (armour unavailable)
rPois    .         Spirit   .   (helmet restricted)
rElec    .         Reflect  .   (no cloak)
rCorr    .         Harm     .   (no gloves)
MR       .....                  (no boots)
Stlth    +.........             (no amulet)
HPRegen  0.14/turn              k - +5 ring of slaying
MPRegen  0.11/turn              (no ring)

@: no status effects
A: unfitting armour, cold-blooded, AC +5
a: no special abilities


You were on level 3 of the Dungeon.
You were not hungry.

You visited 1 branch of the dungeon, and saw 4 of its levels.

You collected 140 gold pieces.

Inventory:

Missiles
 a - 20 arrows
Jewellery
 k - a +5 ring of slaying (left hand)
Wands
 l - a wand of paralysis (4)
Scrolls
 e - 4 scrolls of identify {unknown}
 f - 3 scrolls of teleportation {unknown}
 i - a scroll of blinking {unknown}
 n - 3 scrolls of enchant weapon {unknown}
Potions
 b - a potion of heal wounds {unknown}
 d - a potion of flight {unknown}
 g - a potion of haste {unknown}
 h - a potion of might {unknown}
 j - 3 potions of curing {unknown}
 m - 2 potions of magic {unknown}
Comestibles
 c - 7 rations


   Skills:
 + Level 2.4 Fighting
 + Level 2.5 Dodging
 * Level 4.2 Unarmed Combat
 + Level 2.5 Spellcasting
 * Level 3.5 Transmutations


You had 8 spell levels left.
You knew the following spells:

 Your Spells              Type           Power        Failure   Level  Hunger
a - Beastly Appendage     Tmut           ##....       6%          1    #......

Your spell library contained the following spells:

 Spells                   Type           Power        Failure   Level  Hunger
 Sticks to Snakes         Tmut           ##......     9%          2    ###....
 Spider Form              Tmut/Pois      #.........   34%         3    ###....
 Ice Form                 Ice/Tmut       #.......     75%         4    #####..
 Blade Hands              Tmut           ##........   85%         5    ######.


Dungeon Overview and Level Annotations

Branches:
Dungeon (4/15)
 Temple: D:4-7

Altars:

Annotations:
D:3 Grinder, Sigmund


Innate Abilities, Weirdness & Mutations

Your plain brown scales are hard. (AC +5)
You cannot fit into any form of body armour.
You are cold-blooded and may be slowed by cold attacks.


Message History

Pain shoots through your body!
You hit Grinder. You headbutt Grinder! You tail-slap Grinder.
Grinder is heavily wounded.
Your transformation is almost over.
Grinder hits you. The dart slug launches a dart at you.
The slug dart misses you. Grinder gestures at you.
Pain shoots through your body!
* * * LOW HITPOINT WARNING * * *
Your horns disappear.
Grinder gestures at you. Pain shoots through your body!
* * * LOW HITPOINT WARNING * * *
Grinder gestures at you. Pain shoots through your body!
* * * LOW HITPOINT WARNING * * *
Grinder gestures at you. Pain shoots through your body!
You die...

.....................#
###..#.###.####....###
#..#.###)# #....#
#........# #..w.#
##.#####)# ##5#.# #.#
#.# #.#.# #.# #.# #.#.#
#.# #.# #.#.######.#
#.#####.#####@#........#
#........[....#..#######
### #)#........#
#.#)######.# #.#.# #.#
#.#.# #.# ##.#.# #.#
#..).# #.# #### #..###
.#


You could see Grinder and a dart slug.

Vanquished Creatures
  3 gnolls (D:3)
  7 adders
  3 oozes
  3 worms (D:2)
  2 dart slugs (D:1)
  7 leopard geckos
  4 orcs (D:3)
  2 ball pythons
  5 giant cockroaches
  3 goblins
  6 hobgoblins
  2 quokkas (D:2)
  9 bats
  7 frilled lizards
  12 kobolds
  2 rats
77 creatures vanquished.

Notes
Turn   | Place    | Note
-------+----------+-------------------------------------------
     0 | D:1      | IceCat the Draconian Transmuter began the quest for the
                  | Orb.
     0 | D:1      | Reached XP level 1. HP: 16/16 MP: 3/3
   181 | D:1      | Reached XP level 2. HP: 21/23 MP: 3/5
   643 | D:1      | Reached XP level 3. HP: 21/28 MP: 4/6
   972 | D:2      | You fall into a shaft and drop 2 floors!
  1045 | D:3      | Noticed Sigmund
  1179 | D:3      | Reached XP level 4. HP: 17/36 MP: 7/7
  1836 | D:3      | Noticed Grinder
  1964 | D:2      | Reached skill level 4 in Unarmed Combat
  1992 | D:2      | Reached XP level 5. HP: 41/41 MP: 8/8
  2514 | D:3      | Killed from afar by Grinder

Levels and vault maps discovered:
D:1:      minmay_arrival_five_plusses, layout_basic,
          minmay_misc_feat_more_columns, minmay_tetromino_o2
D:2:      layout_basic, first_ration
D:3:      layout_loops_ring, lemuel_coloured_pillars_altar, uniq_terence,
          uniq_sigmund, uniq_ijyb, uniq_grinder
D:4:      layout_gridville

Skill      XL: |  1  2  3  4 |
---------------+-------------+-----
Dodging        | 2 |  2.5
Fighting       | 2 |  2.4
Transmutations | 3 |  3.5
Unarmed Combat | 4 |  4.2
Spellcasting   | |  2.5

Action                   |  1- 3 |  4- 6 || total
-------------------------+-------+-------++-------
Melee: Unarmed           |   155 |   117 ||   272
       Tailslap          |    13 |    14 ||    27
       Headbutt          |     5 |     2 ||     7
       Kick              |     5 |     6 ||    11
       Punch             |     1 |     2 ||     3
 Cast: Beastly Appendage |    14 |    10 ||    24
 Stab: Sleeping          |     1 |       ||     1
  Eat: Chunk             |     1 |     5 ||     6
Armor: Skin              |    67 |    27 ||    94
Dodge: Dodged            |   104 |    66 ||   170
